 Dungeon Crawl Stone Soup version 0.23-a0-242-g2b5ca64 (webtiles) character file.

2704 Dissent the Spear-Bearer (level 9, -5/63 HPs)
             Began as a Mummy Fighter on Sept 28, 2018.
             Was an Initiate of Gozag.
             Slain by a two-headed ogre
             ... wielding a +0 giant club
              (21 damage)
             ... on level 8 of the Dungeon.
             The game lasted 00:14:28 (7797 turns).

Dissent the Spear-Bearer (Mummy Fighter)            Turns: 7797, Time: 00:14:29

Health: -5/63      AC: 11    Str: 23    XL:     9   Next: 39%
Magic:  9/9        EV:  7    Int: 11    God:    Gozag
Gold:   1198       SH:  9    Dex: 12    Spells: 7/8 levels left

rFire    + . .     SeeInvis .   s - +1 long sword of Imminent Death {venom, *Rage +Inv MR+ Int+2}
rCold    + + .     Gourm    .   c - +0 shield
rNeg     + + +     Faith    .   p - +3 scale mail of Maumm {rPois}
rPois    ∞         Spirit   .   m - +0 helmet
rElec    .         Reflect  .   l - scarf {rC+ rF+}
rCorr    .         Harm     .   b - +0 pair of gloves {Str+3}
MR       ++...                  (no boots)
Stlth    ..........             e - amulet of magic regeneration
HPRegen  0.20/turn              i - ring of protection from fire
MPRegen  0.36/turn              w - ring of flight

@: no status effects
A: no food or potions, fire vulnerability, cold resistance 1, negative energy
resistance 3, torment resistance, unbreathing
a: Potion Petition, Call Merchant, Bribe Branch, Renounce Religion, Evoke
Invisibility, Evoke Flight


You were on level 8 of the Dungeon.
You worshipped Gozag.
Gozag was most pleased with you.
You were not hungry.

You visited 1 branch of the dungeon, and saw 8 of its levels.

You collected 1221 gold pieces.
You paid 23 gold pieces to Gozag.

Inventory:

Hand Weapons
 a - a +0 trident
 k - the +5 hand crossbow of Fykkacri {velocity, rC+ Str+4}
   (You found it on level 5 of the Dungeon)

   Any bolt fired from it inflicts extra damage.
   It affects your strength (+4).
   It protects you from cold.
 s - the +1 long sword of Imminent Death (weapon) {venom, *Rage +Inv MR+ Int+2}
   (You found it on level 5 of the Dungeon)

   It poisons the flesh of those it strikes.
   It affects your intelligence (+2).
   It affects your resistance to hostile enchantments.
   It lets you turn invisible.
   It may make you go berserk in combat.
Missiles
 u - 35 bolts
Armour
 b - a +0 pair of gloves of strength (worn)
   (You found it on level 2 of the Dungeon)
 c - a +0 shield (worn)
 l - a scarf of resistance (worn)
   (You found it on level 3 of the Dungeon)
 m - a +0 helmet (worn)
   (You took it off Robin on level 3 of the Dungeon)
 p - the +3 scale mail of Maumm (worn) {rPois}
   (You found it on level 4 of the Dungeon)

   It protects you from poison.
 A - a +1 chain mail of fire resistance
   (You found it on level 6 of the Dungeon)
Jewellery
 e - an amulet of magic regeneration (around neck)
   (You found it on level 5 of the Dungeon)
 i - a ring of protection from fire (left hand)
   (You found it on level 1 of the Dungeon)
 n - an uncursed ring of protection from fire
   (You found it on level 4 of the Dungeon)
 o - an uncursed ring of resist corrosion
   (You found it on level 4 of the Dungeon)
 v - an uncursed ring of wizardry
   (You found it on level 6 of the Dungeon)
 w - a ring of flight (right hand)
   (You found it on level 6 of the Dungeon)
 z - an uncursed ring of see invisible
   (You found it on level 3 of the Dungeon)
Wands
 t - a wand of flame (29)
   (You took it off a centaur on level 8 of the Dungeon)
 x - a wand of acid (6)
   (You found it on level 5 of the Dungeon)
 y - a wand of polymorph (9)
   (You found it on level 6 of the Dungeon)
Scrolls
 d - 2 scrolls of remove curse {@r2}
 f - 2 scrolls of noise {!r}
 g - a scroll of teleportation {@r4}
 h - a scroll of amnesia {unknown}
 j - a scroll of magic mapping
 q - a scroll of enchant armour


   Skills:
 - Level 3.0 Fighting
 + Level 10.9 Polearms
 - Level 2.4 Armour
 - Level 2.4 Shields


You had 7 spell levels left.
You knew the following spells:

 Your Spells              Type           Power        Failure   Level  Hunger
u - Animate Skeleton      Necr           N/A          99%         1    N/A

Your spell library contained the following spells:

 Spells                   Type           Power        Failure   Level  Hunger
 Apportation              Tloc           #.....       99%         1    N/A
 Confusing Touch          Hex            #.....       99%         1    N/A
 Pain                     Necr           #...         99%         1    N/A
 Summon Small Mammal      Summ           #...         99%         1    N/A
 Vampiric Draining        Necr           #.........   100%        3    N/A
 Animate Dead             Necr           N/A          100%        4    N/A
 Regeneration             Chrm/Necr      Unusable     N/A         3    N/A

Dungeon Overview and Level Annotations

Branches:
Dungeon (8/15)             Temple (0/1) D:5
   Lair: D:8-11

Altars:
Cheibriados
Gozag
Makhleb
Nemelex Xobeh
Okawaru
Qazlal
Vehumet
Xom
Yredelemnul
Zin
The Shining One

Shops:
D:6 %

Annotations:
D:3 1 runed door


Innate Abilities, Weirdness & Mutations

You do not eat or drink.
Your flesh is vulnerable to fire.
You are immune to poison.
Your flesh is cold resistant. (rC+)
You are immune to negative energy. (rN+++)
You are immune to unholy pain and torment.
You can survive without breathing.


Message History

You destroy the howler monkey skeleton!
No target in view!
You now have 1198 gold pieces (gained 6).
u - 37 bolts (gained 1)
u - 38 bolts (gained 1)
Found a granite statue.
The two-headed ogre shouts in stereo!
The two-headed ogre is too close now for your liking.
k - the +5 hand crossbow of Fykkacri (weapon)
{velocity, rC+ Str+4} Firing (i - inventory)
u - 38 bolts (quivered)
Aim: a two-headed ogre, wielding a giant club and a giant spiked club You shoot a bolt.
The bolt hits the two-headed ogre!
Firing (i - inventory)
u - 37 bolts (quivered)
Aim: a two-headed ogre, wielding a giant club and a giant spiked club (lightly You shoot a bolt.
The bolt barely misses the two-headed ogre.
Firing (i - inventory)
u - 36 bolts (quivered)
Aim: a two-headed ogre, wielding a giant club and a giant spiked club (lightly You shoot a bolt.
The bolt barely misses the two-headed ogre.
The +1 long sword of Imminent Death {venom, *Rage +Inv MR+ Int+2} begins to
s - the +1 long sword of Imminent Death (weapon)
{venom, *Rage +Inv MR+ Int+2} The two-headed ogre barely misses you.
The two-headed ogre hits you with a giant spiked club!
You hit the two-headed ogre but do no damage.
The two-headed ogre is poisoned.
The two-headed ogre barely misses you.
You riposte.
You hit the two-headed ogre.
The two-headed ogre looks as sick as possible!
You block the two-headed ogre's attack.
You slash the two-headed ogre! The two-headed ogre barely misses you.
The two-headed ogre completely misses you.
You closely miss the two-headed ogre. You block the two-headed ogre's attack.
The two-headed ogre hits you with a giant spiked club!
You hit the two-headed ogre.
The two-headed ogre hits you with a giant club!
* * * LOW HITPOINT WARNING * * *
The two-headed ogre hits you with a giant spiked club!
* * * LOW HITPOINT WARNING * * *
You block the two-headed ogre's attack.
The two-headed ogre hits you but does no damage.
The two-headed ogre looks more healthy.
You hit the two-headed ogre.
The two-headed ogre is poisoned.
The two-headed ogre hits you with a giant club!
* * * LOW HITPOINT WARNING * * *
You block the two-headed ogre's attack.
You completely miss the two-headed ogre.
You block the two-headed ogre's attack.
The two-headed ogre hits you with a giant spiked club!!
You die...
Your body crumbles into a pile of gold.

##..8###### #..#
#........+ #..#
#........+ #..#
#........+ #..#
#..8###### #..#
#......... #..#
#......... #..#
#..###########..#
#..........O@..##
#..######..#####
##.# ##.# #.# #.#
#.# #.# #.# #.#
#.# #.# #.# #.#
#.# #.#


You could see a two-headed ogre.

Vanquished Creatures
  A troll (D:8)
  Prince Ribbit (D:5)
  Grinder (D:3)
  A sky beast (D:6)
  An orc warrior (D:6)
  A phantom (D:7)
  An ice beast (D:6)
  3 ogres
  4 centaurs
  A crocodile (D:7)
  A bullfrog (D:8)
  A water moccasin skeleton (D:8)
  2 crimson imps
  A centaur zombie (D:5)
  3 hounds
  2 bullfrog skeletons
  A jelly (D:8)
  A centaur skeleton (D:3)
  3 orc priests
  An iguana (D:2)
  Natasha (twice) (D:3)
  3 orc wizards
  6 worker ants
  A hound zombie (D:6)
  Robin (D:3)
  A gnoll (D:7)
  2 howler monkey skeletons (D:8)
  10 adders
  An ooze (D:5)
  An adder zombie (D:7)
  3 adder skeletons
  A worm (D:3)
  A dart slug (D:1)
  6 leopard geckos
  23 orcs
  A ball python (D:1)
  2 giant cockroaches
  17 goblins
  11 hobgoblins
  12 jackals (D:1)
  7 quokkas
  3 bats
  3 frilled lizards
  A jackal skeleton (D:6)
  7 kobolds
  A quokka skeleton (D:5)
  6 rats
164 creatures vanquished.

Notes
Turn   | Place    | Note
-------+----------+-------------------------------------------
     0 | D:1      | Dissent the Mummy Fighter began the quest for the Orb.
     0 | D:1      | Reached XP level 1. HP: 18/18 MP: 1/1
   118 | D:1      | Reached skill level 2 in Polearms
   190 | D:1      | Reached XP level 2. HP: 24/24 MP: 2/2
   577 | D:1      | Reached XP level 3. HP: 21/29 MP: 3/3
   603 | D:1      | Reached skill level 3 in Polearms
   895 | D:2      | Found a shimmering altar of Xom.
   925 | D:2      | Reached XP level 4. HP: 32/35 MP: 4/4
   957 | D:2      | Found a sparkling altar of Nemelex Xobeh.
  1019 | D:2      | Found a snail-covered altar of Cheibriados.
  1097 | D:2      | Found an opulent altar of Gozag.
  1123 | D:2      | Became a worshipper of Gozag Ym Sagoz the Greedy
  1408 | D:2      | Learned a level 1 spell: Animate Skeleton
  1498 | D:3      | Reached skill level 4 in Polearms
  1729 | D:3      | Reached XP level 5. HP: 34/41 MP: 5/5
  1763 | D:3      | Found a runed door.
  2004 | D:3      | Noticed Natasha
  2013 | D:3      | Killed Natasha
  2013 | D:3      | Reached skill level 5 in Polearms
  2138 | D:3      | Noticed Grinder
  2139 | D:3      | Noticed Robin
  2165 | D:3      | Killed Robin
  2165 | D:3      | Paralysed by Grinder for 5 turns
  2203 | D:3      | Paralysed by Grinder for 7 turns
  2220 | D:3      | Killed Grinder
  2220 | D:3      | Reached skill level 6 in Polearms
  2220 | D:3      | Reached XP level 6. HP: 7/47 MP: 6/6
  2636 | D:3      | Noticed Natasha
  2644 | D:3      | Killed Natasha
  2698 | D:3      | Found a basalt altar of Yredelemnul.
  3112 | D:4      | Reached XP level 7. HP: 52/52 MP: 7/7
  3205 | D:4      | Got a transparent scale mail
  3216 | D:4      | Identified the +3 scale mail of Maumm {rPois} (You found it
                  | on level 4 of the Dungeon)
  3719 | D:5      | Entered Level 5 of the Dungeon
  3890 | D:5      | Reached skill level 7 in Polearms
  4254 | D:5      | Got a crude long sword
  4258 | D:5      | Identified the cursed +1 long sword of Imminent Death
                  | {venom, *Rage +Inv MR+ Int+2} (You found it on level 5 of
                  | the Dungeon)
  4280 | D:5      | Noticed Prince Ribbit
  4297 | D:5      | Killed Prince Ribbit
  4297 | D:5      | Reached skill level 8 in Polearms
  4297 | D:5      | Reached XP level 8. HP: 12/58 MP: 6/8
  4605 | D:5      | Found a staircase to the Ecumenical Temple.
  4745 | D:5      | Got a fine hand crossbow
  4746 | D:5      | Identified the +5 hand crossbow of Fykkacri {velocity, rC+
                  | Str+4} (You found it on level 5 of the Dungeon)
  4990 | D:5      | Found a burning altar of Makhleb.
  4991 | D:5      | Found a glowing golden altar of the Shining One.
  5348 | D:6      | Reached skill level 9 in Polearms
  5747 | D:6      | Found Sisocogu's Food Boutique.
  5916 | D:6      | Found a stormy altar of Qazlal.
  5963 | D:7      | Found a glowing silver altar of Zin.
  6053 | D:7      | Found a radiant altar of Vehumet.
  6341 | D:7      | Reached skill level 10 in Polearms
  6342 | D:7      | Found an iron altar of Okawaru.
  6350 | D:7      | Reached XP level 9. HP: 62/63 MP: 9/9
  6992 | D:8      | Noticed a two-headed ogre
  6994 | D:8      | Noticed a troll
  7175 | D:8      | Killed a troll
  7797 | D:8      | Slain by a two-headed ogre

Vault maps used:
D:1:      evilmike_arrival_hilbert_curve, st_stairs_14
D:2:      old_standard_altar, xom_butterflies, lemuel_round_altar,
          nemelex_altar_shiori
D:3:      nicolae_overflow_hidden_temple, st_stairs_4, uniq_natasha, uniq_robin,
          uniq_crazy_yiuf_cottage, uniq_grinder
D:4:      dk_vineyard_3, minmay_stone_trees_large,
          hangedman_abyss_or_decor_stabs
D:5:      gammafunk_temple_overflow_statue, minmay_temple_entry_fiery,
          first_ration, uniq_prince_ribbit1
D:6:      marbit_many_paths, serial_shops, shop
D:7:      vehumet_crystals, okawaru_altar_gauntlet_db, zin_academy
D:8:      guppyfry_early_elven_hall

Skill      XL: |  1  2  3  4  5  6  7  8 |
---------------+-------------------------+-----
Polearms       | 2 3 4 6 8 10 | 10.9
Fighting       | |  3.0
Armour         | |  2.4
Shields        | |  2.4

Action                   |  1- 3 |  4- 6 |  7- 9 || total
-------------------------+-------+-------+-------++-------
Melee: Trident           |   116 |   227 |   313 ||   656
       Long sword        |       |       |    98 ||    98
 Fire: Hand crossbow     |       |       |    26 ||    26
 Abil: Evoke Invisibilit |       |       |     1 ||     1
  Use: Scroll            |       |       |    10 ||    10
 Stab: Distracted        |       |     2 |       ||     2
       Invisible         |       |       |     2 ||     2
Armor: Scale mail        |    13 |       |   142 ||   155
       Chain mail        |    51 |    83 |     6 ||   140
Dodge: Dodged            |    28 |    25 |   128 ||   181
Block: Shield            |    39 |    90 |   178 ||   307
       Rpst.: Long sword |       |       |    15 ||    15

Table legend:
 A = Non-vault XP
 B = Vault XP
 C = Vault XP percentage of total XP
 D = Non-vault monster count
 E = Vault monster count
 F = Vault count percentage of total count
                 A         B        C        D         E       F
            +---------+---------+-------+---------+---------+-------
      Total |    3145 |     718 |  18.6 |     140 |      24 |  14.6
            +---------+---------+-------+---------+---------+-------
        D:1 |      57 |       2 |   3.4 |      31 |       1 |   3.1
        D:2 |      77 |       0 |   0.0 |      10 |       0 |   0.0
        D:3 |     208 |     337 |  61.8 |      20 |      15 |  42.9
        D:4 |     172 |       0 |   0.0 |      19 |       0 |   0.0
        D:5 |     746 |     245 |  24.7 |      23 |       1 |   4.2
        D:6 |     642 |     110 |  14.6 |      12 |       1 |   7.7
        D:7 |     335 |      24 |   6.7 |       7 |       6 |  46.2
        D:8 |     908 |       0 |   0.0 |      18 |       0 |   0.0
            +---------+---------+-------+---------+---------+-------
